 Dungeon Crawl Stone Soup version 0.32-a0-711-g016ad743e0 (webtiles) character file.

Game seed: 10602120500874330556

1583364 Ajdolov the Sorcerer (level 27, 300/300 HPs)
             Began as an Oni Air Elementalist on Mar 14, 2024.
             Was the Champion of Vehumet.
             Escaped with the Orb
             ... and 3 runes on Mar 16, 2024!
             The game lasted 04:52:09 (75277 turns).

Ajdolov the Sorcerer (Oni Air Elementalist)        Turns: 75277, Time: 04:52:09

Health: 300/300    AC: 26    Str: 14 (15) XL:     27
Magic:  52/52      EV:  6    Int: 42 (43) God:    Vehumet [******]
Gold:   6883       SH:  0    Dex: 11      Spells: 16/76 levels left

rFire   + + +        a - staff of Yneinwou {^Drain rElec rF+ rCorr Int+5 Fire}
rCold   + + .        (no shield)
rNeg    + + .        C - +8 fire dragon scales
rPois   +            (helmet restricted)
rElec   +            n - +2 cloak {rCorr}
rCorr   +            (gloves unavailable)
SInv    .            (boots unavailable)
Will    +++..        X - amulet "Osyph" {Rampage rPois Regen+ RegenMP+ Slay-4}
Stlth   x              - ring "Bybafefa" {rC+++ rN+ Str-5 Int+6}
HPRegen 1.50/turn    O - ring of Umuthuwn {rN+ Int+6 Dex+2}
MPRegen 0.73/turn

%: rampage
@: no status effects
A: large, unfitting armour, horns 1, tough skin 1, double potion healing,
drunken brawling, strong-willed 1, sense surroundings 2
0: Orb of Zot
}: 3/15 runes: barnacled, silver, gossamer
a: Renounce Religion


You escaped.
You worshipped Vehumet.
Vehumet was exalted by your worship.
You visited 10 branches of the dungeon, and saw 48 of its levels.
You visited the Abyss 1 time.
You also visited: Bailey, Gauntlet, Ice Cave and Wizlab.

You collected 10156 gold pieces.
You spent 3273 gold pieces at shops.

Inventory:

Missiles
 v - 11 throwing nets
 H - 15 curare-tipped darts
 Q - 3 darts of dispersal
Armour
 b - a +2 kite shield
 n - a +2 cloak of preservation (worn)
 C - +8 fire dragon scales (worn)
 Z - the +3 pearl dragon scales of Ravioli {*Slow rN+ Int+3 Dex+3}
   (You took it off a minotaur in a Gauntlet)

   Int+3:     It affects your intelligence (+3).
   Dex+3:     It affects your dexterity (+3).
   rN+:       It protects you from negative energy.
   *Slow:     It may slow you when you take damage.
Magical Staves
 a - the staff of Yneinwou (weapon) {^Drain rElec rF+ rCorr Int+5 Fire}
   (You found it on level 3 of the Elven Halls)

   [staff of fire]

   Base accuracy: +5 Base damage: 5 Base attack delay: 1.2 This weapon's minimum
   attack delay (0.6) is reached at skill level 12.
   Int+5:     It affects your intelligence (+5).
   rF+:       It protects you from fire.
   rElec:     It insulates you from electricity.
   rCorr:     It protects you from acid and corrosion.
   ^Drain:    It drains your maximum health when unequipped.
   Fire:      It increases the power of your Fire spells.
   It falls into the 'Staves' category.
   It is a one-handed weapon.
Jewellery
 d - a ring of flight
 s - the ring "Wewoemue" {rC+ Int+4 Slay+4}
   (You took it off a deep elf archer on level 3 of the Elven Halls)

   [ring of slaying]

   Int+4:     It affects your intelligence (+4).
   Slay+4:    It affects your accuracy & damage with ranged weapons and melee
   (+4).
   rC+:       It protects you from cold.
 x - the ring "Bybafefa" (left hand) {rC+++ rN+ Str-5 Int+6}
   (You found it on level 4 of the Spider Nest)

   [ring of intelligence]

   Str-5:     It affects your strength (-5).
   Int+6:     It affects your intelligence (+6).
   rC+++:     It renders you almost immune to cold.
   rN+:       It protects you from negative energy.
 F - the ring "Optau" {rElec rN+ Will+}
   (You took it off a deep elf blademaster on level 3 of the Elven Halls)

   [ring of positive energy]

   rElec:     It insulates you from electricity.
   rN+:       It protects you from negative energy.
   Will+:     It increases your willpower.
 O - the ring of Umuthuwn (right hand) {rN+ Int+6 Dex+2}
   (You found it in a Gauntlet)

   [ring of intelligence]

   Int+6:     It affects your intelligence (+6).
   Dex+2:     It affects your dexterity (+2).
   rN+:       It protects you from negative energy.
 X - the amulet "Osyph" (around neck) {Rampage rPois Regen+ RegenMP+ Slay-4}
   (You found it in a Gauntlet)

   [amulet of magic regeneration]

   It increases your rate of magic regeneration.
   Slay-4:    It affects your accuracy & damage with ranged weapons and melee
   (-4).
   rPois:     It protects you from poison.
   Regen+:    It increases your rate of health regeneration.
   Rampage:   It bestows one free step when moving towards enemies.
   RegenMP+:  It increases your rate of magic regeneration.
Wands
 o - a wand of acid (6)
 q - a wand of charming (12)
 E - a wand of polymorph (20)
 I - a wand of flame (86)
 K - a wand of mindburst (68)
 L - a wand of warping (57)
 P - a wand of digging (5)
Scrolls
 f - 8 scrolls of blinking
 g - 27 scrolls of teleportation
 h - 9 scrolls of poison
 i - 7 scrolls of vulnerability
 j - 6 scrolls of butterflies
 k - 4 scrolls of immolation
 p - 8 scrolls of fear
 y - 5 scrolls of revelation
 B - 7 scrolls of amnesia
 N - 4 scrolls of fog
 S - a scroll of enchant armour
 U - 9 scrolls of noise
Potions
 c - 12 potions of heal wounds
 e - 16 potions of curing
 m - 4 potions of enlightenment
 r - a potion of haste
 t - 4 potions of attraction
 w - 5 potions of resistance
 z - 2 potions of mutation
 A - a potion of invisibility
 D - 10 potions of brilliance
 G - 21 potions of ambrosia
 V - 3 potions of cancellation
Miscellaneous
 l - a box of beasts
 R - a phial of floods
 T - a phantom mirror
 W - a condenser vane


   Skills:
 - Level 22.0 Fighting
 - Level 15.0 Armour
 - Level 1.7 Dodging
 - Level 1.4 Stealth
 - Level 4.3 Shields
 * Level 25.4 Spellcasting
 - Level 10.4 Conjurations
 * Level 21.7 Ice Magic
 - Level 9.0 Air Magic
 * Level 19.9 Earth Magic
 - Level 5.0 Evocations


You had 16 spell levels left.
You knew the following spells:

 Your Spells              Type           Power      Damage    Failure   Level
a - Ozocubu's Armour      Ice            100%       N/A       0%          3
b - Static Discharge      Conj/Air       100%       3-8/arc   1%          2
c - Swiftness             Air            92%        N/A       1%          3
d - Airstrike             Air            46%        2d(7-23)  1%          4
e - Stone Arrow           Conj/Erth      100%       3d13      0%          3
f - Frozen Ramparts       Ice            100%       1d16      0%          3
g - Bombard               Conj/Erth      55%        9d9       1%          6
h - Arcjolt               Conj/Air       47%        1d57      1%          5
i - Ozocubu's Refrigerat  Ice            62%        4d21      1%          7
j - Permafrost Eruption   Ice/Erth       61%        2x4d17    1%          6
k - Polar Vortex          Ice            62%        12d8*     4%          9
l - Shatter               Erth           60%        3d45*     9%          9

Your spell library contained the following spells:

 Spells                   Type           Power      Damage    Failure   Level
 Chain Lightning          Conj/Air       47%        3d62      98%         9
 Ignition                 Fire           34%        3d11      100%        8
 Freeze                   Ice            100%       1d10      0%          1
 Shock                    Conj/Air       100%       1d9       0%          1
 Searing Ray              Conj           100%       2d8       0%          2
 Hailstorm                Conj/Ice       100%       3d16      0%          3
 Brom's Barrelling Bould  Conj/Erth      100%       2d11      0%          4
 Foxfire                  Conj/Fire      100%       2x1d9     1%          1
 Kiss of Death            Conj/Necr      100%       2d13      1%          1
 Slow                     Hex            100%       N/A       1%          1
 Sting                    Conj/Alch      100%       1d9       1%          1
 Summon Small Mammal      Summ           100%       N/A       1%          1
 Cigotuvi's Dreadful Rot  Necr/Alch/Air  100%       N/A       1%          2
 Lesser Beckoning         Tloc           100%       N/A       1%          2
 Mercury Vapours          Alch/Air       100%       N/A       1%          2
 Scorch                   Fire           100%       2d9       1%          2
 Dazzling Flash           Conj/Hex       100%       N/A       1%          3
 Mephitic Cloud           Conj/Alch/Air  82%        N/A       1%          3
 Summon Ice Beast         Ice/Summ       98%        N/A       1%          3
 Animate Armour           Summ/Erth      100%       N/A       1%          4
 Flame Wave               Conj/Fire      98%        2d20      1%          4
 Fulminant Prism          Conj/Alch      38%        3d17      1%          4
 Iskenderun's Mystic Bla  Conj/Tloc      77%        2d15      1%          4
 Leda's Liquefaction      Alch/Erth      47%        N/A       1%          4
 Petrify                  Alch/Erth      95%        N/A       1%          4
 Borgnjor's Vile Clutch   Necr/Erth      47%        N/A       1%          5
 Irradiate                Conj/Alch      38%        3d24      1%          5
 Metabolic Englaciation   Hex/Ice        49%        N/A       1%          5
 Sculpt Simulacrum        Ice/Alch       49%        N/A       1%          6
 Call Canine Familiar     Summ           52%        N/A       3%          3
 Confusing Touch          Hex            52%        N/A       3%          3
 Fugue of the Fallen      Necr           52%        N/A       3%          3
 Gell's Gravitas          Tloc           52%        N/A       3%          3
 Sigil of Binding         Hex            52%        N/A       3%          3
 Teleport Other           Tloc           52%        N/A       3%          3
 Tukima's Dance           Hex            52%        N/A       3%          3
 Olgreb's Toxic Radiance  Alch           52%        N/A       3%          4
 Orb of Destruction       Conj           48%        9d13      3%          7
 Lehudib's Crystal Spear  Conj/Erth      55%        10d13     4%          8
 Starburst                Conj/Fire      49%        6d13      5%          6
 Yara's Violent Unravell  Hex/Alch       26%        3d11      8%          5
 Anguish                  Hex/Necr       26%        N/A       11%         4
 Animate Dead             Necr           52%        N/A       11%         4
 Cause Fear               Hex            26%        N/A       11%         4
 Dimensional Bullseye     Hex/Tloc       26%        N/A       11%         4
 Dispel Undead            Necr           52%        3d19      11%         4
 Manifold Assault         Tloc           52%        N/A       11%         4
 Martyr's Knell           Necr/Summ      52%        N/A       11%         4
 Summon Blazeheart Golem  Fire/Summ      69%        N/A       11%         4
 Spellforged Servitor     Conj/Summ      38%        N/A       26%         7
 Alistair's Intoxication  Alch           34%        N/A       28%         5
 Summon Forest            Summ/Tloc      26%        N/A       28%         5
 Summon Mana Viper        Hex/Summ       52%        N/A       28%         5
 Eringya's Noxious Bog    Alch           26%        4d6       36%         6
 Maxwell's Capacitive Co  Air            46%        ∞         38%         8
 Death Channel            Necr           26%        N/A       85%         6
 Dispersal                Tloc           26%        N/A       85%         6
 Summon Cactus Giant      Summ           26%        N/A       85%         6
 Enfeeble                 Hex            26%        N/A       100%        7
 Haunt                    Necr/Summ      26%        N/A       100%        7
 Monstrous Menagerie      Summ           26%        N/A       100%        7
 Summon Hydra             Summ           26%        N/A       100%        7
 Borgnjor's Revivificati  Necr           26%        N/A       100%        8
 Disjunction              Tloc           26%        N/A       100%        8
 Infestation              Necr           26%        N/A       100%        8


Dungeon Overview and Level Annotations

Branches:
Dungeon (15/15)            Temple (1/1) D:4            Lair (5/5) D:9
 Shoals (4/4) Lair:2       Spider (4/4) Lair:3          Orc (2/2) D:12
    Elf (3/3) Orc:2        Vaults (5/5) D:13          Crypt (0/3) Vaults:2
 Depths (4/4) D:15            Zot (5/5) Depths:4     Bailey (visited)
  IceCv (visited)          WizLab (visited)         Gauntlet (visited)
  Slime: Lair:4-5

Altars:
Ashenzari
Cheibriados
Dithmenos
Elyvilon
Fedhas
Gozag
Hepliaklqana
Kikubaaqudgha
Makhleb
Nemelex Xobeh
Okawaru
Qazlal
Ru
Sif Muna
Trog
Uskayaw
Vehumet
Wu Jian
Xom
Yredelemnul
Zin
The Shining One
Beogh
Jiyva

Shops:
D:2 *   D:4 ?   D:12 !   Orc:2 [((:*   Elf:1 *[   Elf:2 :   Vaults:1 !
Vaults:5 =?

Portals:
Hell: Depths:1 Depths:2 Depths:3 Depths:4
Abyss: Depths:1 Depths:3 Depths:4
Pandemonium: Depths:1 Depths:2 Depths:4
Ziggurat: Depths:4

Annotations:
D:4 3 runed translucent doors, anet's ghost, amateur MDFE
D:13 1 runed translucent door, Cemetearum's ghost, journeyman KoDe
D:14 1 runed translucent door, Uzxid's ghost, journeyman MfGl
Lair:4 exclusion: 2 oklob plants
Elf:2 39 runed translucent doors
Depths:2 3 runed translucent doors, Ecroc's ghost, adept DECj
Zot:5 exclusion: 2 upstairs


Innate Abilities, Weirdness & Mutations

You are too large for most types of armour.
You have a pair of small horns on your head.
You have tough skin. (AC +1)
You gain doubled healing and magic from potions.
Whenever you drink a healing potion, you attack all around you.
You are strong-willed. (Will+)
You passively map the area around you.


Message History

The hellwing is almost dead.
The smoke demon is almost dead.
The hellwing is severely wounded.
Casting: Ozocubu's Refrigeration (safe; 1% risk of failure)
Confirm with . or Enter, or press ? or * to list all spells.
The heat is drained from your surroundings.
The plant is severely damaged.
The plant is heavily damaged.
You kill the hellwing!
Vehumet accepts your kill.
You feel your power returning.
You kill the smoke demon!
Vehumet accepts your kill.
You feel your power returning.
You kill the hellwing!
Vehumet accepts your kill.
You feel your power returning.
A hellwing comes into view.
Casting: Ozocubu's Refrigeration (safe; 1% risk of failure)
Confirm with . or Enter, or press ? or * to list all spells.
Bitter cold erupts, blasting rock from the ceiling!
The mass of rock hits the hellwing!!
The hellwing is moderately wounded.
Piercing cold boils outward!
The piercing cold hits the hellwing!!!
You kill the hellwing!
Vehumet accepts your kill.
You feel your power returning.
The piercing cold hits the plant!!
The plant is heavily damaged.
A nearby plant withers and dies. x2
There is a staircase leading out of the dungeon here.
Okay, then.
Casting: Permafrost Eruption (safe; 1% risk of failure)
Confirm with . or Enter, or press ? or * to list all spells.
Okay, then.
You feel extremely strange.
You feel slightly disoriented.
Your magical essence no longer links to wands of the dungeon.
Your body's shape seems more normal.
Your attunement to dungeon structure grows.
You feel strong-willed.
You have escaped!

##...##.♣♣P.P♣......~~≈≈#
##'''#########♣.♣....≈≈≈#
.....# #P......~≈≈#
###### #......~≈≈≈#
#P.....~≈≈≈# #.......~≈≈#
#♣♣.....≈≈≈# ♣♣...♣≈≈≈#
♣@P..♣≈≈≈# ♣♣♣♣♣♣≈≈≈#
♣♣♣≈# *≈# ≈# ### * #.#
### #.# #.# ####.#####.#


There were no monsters in sight!

Vanquished Creatures
  A dread lich (Zot:5)
  4 ancient liches
  7 orbs of fire (Zot:5)
  A juggernaut (Depths:3)
  Sojobo (Vaults:4)
  Boris (Vaults:2)
  3 Killer Klowns (Zot:5)
  A Head Instructor (WizLab)
  Saint Roka (Vaults:2)
  2 curse toes
  8 golden dragons
  Nikola (Depths:1)
  2 electric golems (Zot:5)
  2 bone dragons (Depths:4)
  Jorgrun (Orc:2)
  An Ice Fiend (D:4)
  13 tentacled monstrosities
  A lich (Depths:1)
  26 Orb Guardians
  4 deep elf blademasters (Elf:3)
  7 titans (Vaults:5)
  2 deep elf master archers (Elf:3)
  A walking frostbound tome (Depths:3)
  4 quicksilver dragons
  6 sphinxes
  7 tengu reavers
  5 death cobs
  14 storm dragons
  Aizul (Elf:3)
  Donald (Lair:3)
  3 shadow dragons
  2 protean progenitors (Zot:1)
  8 deep elf sorcerers
  Ilsuiw (Shoals:4)
  9 fire giants
  A draconian knight (Zot:3)
  3 deep elf elementalists (Elf:3)
  4 frost giants
  5 emperor scorpions
  19 vault wardens
  A curse skull (Vaults:2)
  A draconian shifter (Depths:4)
  2 reapers
  2 balrugs
  A draconian scorcher (Zot:4)
  A juggernaut zombie (Depths:3)
  3 orc warlords
  2 spriggan defenders
  A draconian stormcaller (Depths:4)
  6 ghost moths
  Louise (Elf:3)
  2 formless jellyfish
  5 broodmothers
  An angel (Zot:3)
  21 ironbound preservers
  3 draconian annihilators
  A demonspawn blood saint (D:15)
  8 stone giants
  14 very ugly things
  3 ironbound thunderhulks
  6 vampire knights
  A caustic shrike skeleton (Depths:3)
  7 green draconians
  4 black draconians
  6 deep elf demonologists
  3 dire elephants (Vaults:4)
  A lorocyproca (D:15)
  5 deep elf annihilators
  A minotaur (Gauntlet)
  A war gargoyle (Vaults:4)
  4 purple draconians
  3 yellow draconians
  Azrael (D:13)
  A demonspawn black sun (D:15)
  10 deep elf death magi
  2 red draconians
  10 spark wasps
  A green death (Depths:1)
  A blizzard demon (D:14)
  2 crystal guardians
  7 entropy weavers
  12 merfolk impalers
  6 deep elf high priests
  11 yaktaur captains
  Snorg (Lair:5)
  8 ettins
  4 fire dragons
  4 merfolk javelineers
  2 spriggan zombies
  Erolcha (D:12)
  8 ice dragons
  37 vault guards
  7 great orbs of eyes
  2 rakshasas (Depths:3)
  3 hydras
  3 merfolk avatars (Shoals:4)
  A caustic shrike simulacrum (Depths:3)
  5 jorogumos
  2 peacekeepers
  2 ogre magi
  A sphinx zombie (Depths:3)
  5 spriggan air magi
  9 centaur warriors
  A catoblepas (Lair:5)
  11 ironbound frosthearts
  4 merfolk aquamancers (Shoals:4)
  2 radroaches
  4 satyrs
  14 dancing weapons
  2 alligator snapping turtles (Shoals:4)
  3 death yaks (Lair:5)
  6 two-headed ogres
  7 boulder beetles
  8 deep troll earth magi
  7 deep troll shamans
  7 demonic crawlers
  A spriggan berserker (Depths:4)
  5 tengu warriors
  4 orc high priests
  2 thrashing horrors (Gauntlet)
  24 hell knights
  3 occultists
  12 deep elf knights
  2 skysharks
  4 skeletal warriors
  3 soul eaters
  2 spriggans (Depths:4)
  9 sun demons
  A skyshark (shapeshifter) (Depths:4)
  3 sixfirhies
  9 iron trolls
  3 wretched stars (Abyss:2)
  9 pharaoh ants
  2 spark wasp zombies (Depths:3)
  A salamander mystic (WizLab)
  11 sea snakes
  A glowing orange brain (Vaults:3)
  76 deep trolls
  A shadow demon (D:15)
  A sun moth (shapeshifter) (Vaults:4)
  7 deep elf archers
  8 mana vipers (WizLab)
  7 arcanists
  3 sun moths
  11 orb spiders
  2 golden dragon skeletons
  2 orange crystal statues
  5 steelbarb worms
  5 phantasmal warriors
  6 thermic dynamos
  12 lindwurms
  19 ironbound convokers
  A tengu zombie (Depths:1)
  12 necromancers
  11 orc knights
  28 deep elf pyromancers
  19 harpies
  2 starcursed masses (Abyss:2)
  19 wolf spiders
  27 deep elf zephyrmancers
  39 ugly things
  12 fauns
  A shining eye (shapeshifter) (Vaults:3)
  A salamander (shapeshifter) (Vaults:5)
  6 cyclopes
  9 orc sorcerers
  A fire giant zombie (Depths:3)
  11 moths of wrath
  4 salamanders (Zot:1)
  6 meliai (Spider:4)
  22 manticores
  8 merfolk sirens
  A worldbinder (Abyss:2)
  2 elephants (Lair:5)
  3 kobold blastminers (Orc:1)
  A frost giant skeleton (Depths:3)
  An orange demon (D:13)
  13 vault sentinels
  6 water nymphs
  2 rust devils (D:13)
  7 black mambas
  An elephant (shapeshifter) (Depths:3)
  3 smoke demons
  A naga mage (WizLab)
  A torpor snail (shapeshifter) (Vaults:5)
  3 unseen horrors
  4 torpor snails
  10 cane toads
  An ice statue (IceCv)
  A kobold demonologist (D:13)
  5 rime drakes
  A yaktaur (shapeshifter) (Vaults:5)
  5 tengu conjurers
  A tormentor (D:1)
  42 yaktaurs
  2 efreet
  2 spriggan skeletons
  An ice devil (D:13)
  9 komodo dragons
  A queen bee (Spider:4)
  25 merfolk
  5 wind drakes
  5 trolls
  2 red devils (D:13)
  20 blink frogs
  5 hellwings
  6 hornets
  2 polar bears
  29 tarantellas
  A hornet (shapeshifter) (D:15)
  11 snapping turtles
  A glass eye (Depths:4)
  50 jumping spiders
  15 dream sheep
  29 slime creatures
  Sigmund (D:2)
  20 culicivoras
  5 wraiths
  2 shadows
  11 water elementals
  2 vampires (D:11)
  5 wyverns
  2 ynoxinuls
  A dire elephant simulacrum (IceCv)
  8 fire elementals
  53 yaks
  12 humans
  64 redbacks
  A neqoxec (D:13)
  2 wargs (Orc:2)
  5 basilisks
  6 vampire mosquitoes (D:12)
  A chaos spawn (Abyss:2)
  5 death yak simulacra (IceCv)
  Menkaure (D:6)
  A glowing shapeshifter zombie (Depths:2)
  A swamp worm (shapeshifter) (Vaults:5)
  2 small abominations (Gauntlet)
  3 acid dragons
  3 hell hounds (D:13)
  24 water moccasins
  28 orc warriors
  2 black bears (D:5)
  A crocodile (shapeshifter) (D:15)
  4 ogres
  6 centaurs
  A phantom (D:5)
  37 wolves
  2 boggarts (Depths:3)
  A weeping skull (Abyss:2)
  12 bullfrogs
  7 kobold brigands
  8 two-headed ogre simulacra (IceCv)
  3 earth elementals
  A glowing shapeshifter simulacrum (Depths:1)
  11 gnoll sergeants
  4 cane toad simulacra
  2 scorpions
  5 wights (D:8)
  An elephant simulacrum (IceCv)
  34 killer bees
  2 howler monkeys
  3 electric eels
  A crimson imp (D:5)
  5 hounds
  4 jellies
  Crazy Yiuf (D:3)
  6 gnoll boudas (Bailey)
  24 orc priests
  4 iguanas
  2 sleepcaps
  35 orc wizards
  4 troll simulacra (IceCv)
  A hell rat (Lair:5)
  5 spriggan simulacra (IceCv)
  A polar bear simulacrum (IceCv)
  6 wolf simulacra
  Robin (D:3)
  7 naga simulacra (IceCv)
  6 adders
  20 gnolls
  2 shadow imps
  6 white imps (IceCv)
  7 ufetubi
  2 ribbon worms
  7 dart slugs
  99 orcs
  7 ball pythons
  9 endoplasms
  4 giant cockroaches
  14 goblins
  10 hobgoblins
  7 jackals
  2 quokkas
  5 bats
  3 frilled lizards
  23 kobolds
  5 rats
2162 creatures vanquished.

Vanquished Creatures (collateral kills)
  A skeletal warrior (D:13)
1 creature vanquished.

Vanquished Creatures (others)
  A stone giant (Depths:2)
  A vault guard (D:13)
  A necromancer (Depths:2)
  A fire giant simulacrum (Depths:2)
  A human (D:13)
  A gnoll (Bailey)
6 creatures vanquished.

Grand Total: 2169 creatures vanquished

Notes
Turn   | Place    | Note
-------+----------+-------------------------------------------
     0 | D:1      | Ajdolov the Oni Air Elementalist began the quest for the
                  | Orb.
     0 | D:1      | Reached XP level 1. HP: 16/16 MP: 3/3
   102 | D:1      | Reached skill level 1 in Conjurations
   227 | D:1      | Reached XP level 2. HP: 24/24 MP: 2/5
   981 | D:1      | Reached XP level 3. HP: 31/31 MP: 5/7
  1310 | D:2      | Found Iniweheo's Assorted Antiques.
  1386 | D:1      | Learned a level 2 spell: Static Discharge
  1700 | D:2      | Noticed Sigmund
  1734 | D:2      | Killed Sigmund
  1735 | D:2      | Reached skill level 3 in Spellcasting
  1735 | D:2      | Reached XP level 4. HP: 20/39 MP: 1/9
  1735 | D:2      | Reached XP level 5. HP: 23/45 MP: 1/10
  2233 | D:2      | Reached XP level 6. HP: 53/53 MP: 6/11
  2784 | D:3      | Noticed Robin
  2793 | D:3      | Killed Robin
  2910 | D:3      | Found a runed translucent door.
  2911 | D:3      | Noticed Crazy Yiuf
  2952 | D:3      | Learned a level 3 spell: Swiftness
  3432 | D:3      | Found a basalt altar of Yredelemnul.
  3434 | D:3      | Found an opulent altar of Gozag.
  3661 | D:3      | Reached skill level 5 in Air Magic
  4465 | D:3      | Killed Crazy Yiuf
  4547 | D:4      | Reached XP level 7. HP: 50/59 MP: 4/12
  5104 | D:4      | Found Estiuhow's Magic Scroll Emporium.
  5123 | D:4      | Bought a scroll of identify for 28 gold pieces
  5123 | D:4      | Bought a scroll of teleportation for 42 gold pieces
  5246 | D:4      | Found a staircase to the Ecumenical Temple.
  5290 | Temple   | Entered the Ecumenical Temple
  5313 | Temple   | Became a worshipper of Vehumet
  5407 | D:4      | Learned a level 4 spell: Airstrike
  5421 | D:4      | Found a runed translucent gate.
  5424 | D:4      | Noticed anet's ghost (amateur MDFE)
  5439 | D:4      | Found a runed translucent gate.
  5464 | D:4      | Found a runed translucent gate.
  5617 | D:5      | Entered Level 5 of the Dungeon
  6405 | D:5      | Found a shimmering altar of Xom.
  6405 | D:5      | Found a burning altar of Makhleb.
  6407 | D:5      | Reached XP level 8. HP: 68/68 MP: 8/13
  6725 | D:5      | Reached skill level 1 in Fighting
  7281 | D:6      | Reached * piety under Vehumet
  7281 | D:6      | Offered knowledge of Sandblast by Vehumet.
  7580 | D:6      | Identified the +1 robe of Love and Death {Str-2 Dex+5}
  7599 | D:6      | Reached skill level 5 in Fighting
  7599 | D:6      | Reached XP level 9. HP: 88/88 MP: 6/14
  7765 | D:6      | Reached skill level 4 in Spellcasting
  8344 | D:6      | Noticed Menkaure
  8726 | D:6      | Killed Menkaure
  8727 | D:6      | Reached skill level 5 in Conjurations
  8895 | D:6      | Reached skill level 5 in Spellcasting
  9345 | D:6      | Found a glowing silver altar of Zin.
  9550 | D:7      | Noticed a troll
 10032 | D:7      | Reached ** piety under Vehumet
 10033 | D:7      | Reached XP level 10. HP: 102/102 MP: 9/18
 10035 | D:7      | Reached skill level 6 in Spellcasting
 10273 | D:7      | Offered knowledge of Kiss of Death by Vehumet.
 11784 | D:8      | Offered knowledge of Searing Ray by Vehumet.
 12743 | D:8      | Reached skill level 7 in Spellcasting
 13060 | D:9      | Reached *** piety under Vehumet
 13244 | D:9      | Noticed a two-headed ogre
 13247 | D:9      | Killed a two-headed ogre
 13248 | D:9      | Reached XP level 11. HP: 115/115 MP: 9/22
 13642 | D:9      | Learned a level 3 spell: Stone Arrow
 13704 | D:9      | Found a staircase to the Lair.
 13794 | D:9      | Offered knowledge of Frozen Ramparts by Vehumet.
 13799 | D:9      | Learned a level 3 spell: Frozen Ramparts
 13923 | D:9      | Reached skill level 8 in Spellcasting
 14106 | D:9      | Reached skill level 10 in Fighting
 14180 | D:9      | Found a sparkling altar of Nemelex Xobeh.
 14180 | D:9      | Found a sacrificial altar of Ru.
 14182 | D:9      | Found a blossoming altar of Fedhas.
 14732 | D:10     | Entered Level 10 of the Dungeon
 14884 | D:10     | Found a flagged portal.
 14892 | Bailey   | Entered a bailey
 15045 | Bailey   | Reached **** piety under Vehumet
 15386 | Bailey   | Offered knowledge of Dazzling Flash by Vehumet.
 16086 | Bailey   | Reached skill level 10 in Conjurations
 17033 | D:10     | Noticed a two-headed ogre
 17037 | D:10     | Killed a two-headed ogre
 17038 | D:10     | Reached skill level 9 in Spellcasting
 17355 | D:10     | Reached ***** piety under Vehumet
 17524 | D:11     | Offered knowledge of Bombard by Vehumet.
 17532 | D:11     | Learned a level 6 spell: Bombard
 17877 | D:11     | Reached skill level 1 in Earth Magic
 18690 | Lair:1   | Entered Level 1 of the Lair of Beasts
 19208 | Lair:1   | Reached XP level 12. HP: 126/126 MP: 15/25
 19508 | Lair:1   | Reached skill level 10 in Spellcasting
 19718 | Lair:1   | Reached skill level 5 in Earth Magic
 21039 | Lair:2   | Reached skill level 11 in Spellcasting
 21097 | Lair:2   | Noticed a seven-headed hydra
 21103 | Lair:2   | Killed a seven-headed hydra
 21299 | Lair:2   | Noticed a boulder beetle
 21595 | Lair:2   | Killed a boulder beetle
 22091 | Lair:2   | Found a staircase to the Shoals.
 22621 | Lair:3   | Found a hole to the Spider Nest.
 22636 | Lair:3   | Reached XP level 13. HP: 119/133 MP: 27/28
 22918 | Lair:3   | Reached skill level 12 in Spellcasting
 23572 | Lair:3   | Reached skill level 1 in Ice Magic
 23945 | Lair:2   | Reached skill level 10 in Earth Magic
 24361 | Lair:3   | Offered knowledge of Fulminant Prism by Vehumet.
 24926 | Lair:4   | Learned a level 3 spell: Ozocubu's Armour
 25312 | Lair:4   | Found a frozen archway.
 25396 | IceCv    | Entered an ice cave
 26641 | IceCv    | Noticed a reaper
 26944 | IceCv    | Killed a reaper
 26945 | IceCv    | Reached skill level 13 in Spellcasting
 27203 | Lair:4   | Reached XP level 14. HP: 99/143 MP: 18/31
 27846 | Lair:4   | Found a viscous altar of Jiyva.
 28432 | D:12     | Found a staircase to the Orcish Mines.
 28435 | D:12     | Offered knowledge of Arcjolt by Vehumet.
 28512 | D:12     | Found a roughly hewn altar of Beogh.
 28523 | D:12     | Learned a level 5 spell: Arcjolt
 28543 | D:12     | Identified the +5 dagger of Friendship {flame, Str+7 Dex-2
                  | Stlth+}
 28806 | D:12     | Noticed Erolcha
 28810 | D:12     | Killed Erolcha
 29055 | D:11     | Reached skill level 5 in Ice Magic
 29640 | D:12     | Found Ompupn's Distillery.
 29644 | D:12     | Bought a potion of heal wounds for 55 gold pieces
 29644 | D:12     | Bought a potion of curing for 33 gold pieces
 29644 | D:12     | Bought a potion of brilliance for 44 gold pieces
 29659 | D:12     | Identified the scarf of the Fletcher {shadows, rN+ Dex+4}
 30135 | D:13     | Noticed Cemetearum's ghost (journeyman KoDe)
 30139 | D:13     | Found a runed translucent door.
 30690 | D:13     | Learned a level 7 spell: Ozocubu's Refrigeration
 30939 | D:13     | Reached skill level 14 in Spellcasting
 30943 | D:13     | Noticed Azrael
 31039 | D:13     | Killed Azrael
 31460 | D:13     | Found a gate to the Vaults.
 32152 | D:14     | Reached XP level 15. HP: 127/149 MP: 15/33
 32279 | D:14     | Found a runed translucent door.
 32280 | D:14     | Noticed Uzxid's ghost (journeyman MfGl)
 32518 | D:14     | Found an opulent altar of Gozag.
 32618 | D:14     | Found a hide-covered altar of Uskayaw.
 33015 | D:15     | Entered Level 15 of the Dungeon
 33015 | D:15     | Found a gate leading to a gauntlet.
 33026 | Gauntlet | Entered a Gauntlet
 33026 | Gauntlet | Found a transporter.
 33026 | Gauntlet | Found a transporter.
 33042 | Gauntlet | Found a transporter.
 33057 | Gauntlet | Found a transporter.
 33071 | Gauntlet | Found a transporter.
 33084 | Gauntlet | Found a transporter.
 33100 | Gauntlet | Found a transporter.
 33168 | Gauntlet | Found a transporter.
 33182 | Gauntlet | Found a transporter.
 33197 | Gauntlet | Found a transporter.
 33210 | Gauntlet | Found a transporter.
 33226 | Gauntlet | Found a transporter.
 33293 | Gauntlet | Found a transporter.
 33307 | Gauntlet | Found a transporter.
 33337 | Gauntlet | Found a transporter.
 33349 | Gauntlet | Found a transporter.
 33483 | Gauntlet | Identified the ring of Umuthuwn {rN+ Int+6 Dex+2}
 33628 | Gauntlet | Offered knowledge of Conjure Ball Lightning by Vehumet.
 33633 | Gauntlet | Reached skill level 15 in Spellcasting
 33640 | Gauntlet | Identified the amulet "Osyph" {Rampage rPois Regen+
                  | RegenMP+ Slay-4}
 33705 | Gauntlet | Identified the +1 demon blade of Spores {venom, rElec rPois
                  | Will+}
 33705 | Gauntlet | Identified the +3 pearl dragon scales of Ravioli {*Slow rN+
                  | Int+3 Dex+3}
 33713 | Gauntlet | Reached skill level 10 in Ice Magic
 34733 | D:15     | Found a staircase to the Depths.
 34846 | D:15     | Upgraded the game from 0.32-a0-702-gc29ba85809 to
                  | 0.32-a0-711-g016ad743e0
 34853 | D:15     | Learned a level 6 spell: Permafrost Eruption
 35126 | Orc:1    | Entered Level 1 of the Orcish Mines
 35130 | Orc:1    | Reached skill level 1 in Armour
 35392 | Orc:1    | Found a shimmering altar of Xom.
 35459 | Orc:2    | Entered Level 2 of the Orcish Mines
 35870 | Orc:2    | Found Covahipn's Antique Weapon Boutique.
 35909 | Orc:2    | Noticed Jorgrun
 35913 | Orc:2    | Killed Jorgrun
 35921 | Orc:2    | Reached ****** piety under Vehumet
 36164 | Orc:2    | Found a staircase to the Elven Halls.
 36413 | Orc:2    | Noticed an orc warlord
 36417 | Orc:2    | Offered knowledge of Plasma Beam by Vehumet.
 36421 | Orc:2    | Killed an orc warlord
 36513 | Orc:2    | Found a roughly hewn altar of Beogh.
 36595 | Orc:2    | Found Guwneres's Antique Weapon Emporium.
 36616 | Orc:2    | Found Hibrab's Antique Armour Emporium.
 36622 | Orc:2    | Bought an embroidered cloak for 165 gold pieces
 36648 | Orc:2    | Found Bulutug's Book Emporium.
 36664 | Orc:2    | Found Pefoutumi's General Store.
 36671 | Orc:2    | Bought a potion of lignification for 33 gold pieces
 36671 | Orc:2    | Bought a scroll of amnesia for 44 gold pieces
 36671 | Orc:2    | Bought a potion of cancellation for 88 gold pieces
 36671 | Orc:2    | Bought a scroll of identify for 22 gold pieces
 36671 | Orc:2    | Bought a scroll of amnesia for 44 gold pieces
 37066 | Shoals:1 | Entered Level 1 of the Shoals
 37082 | Shoals:1 | Reached skill level 5 in Armour
 37082 | Shoals:1 | Reached XP level 16. HP: 158/158 MP: 8/35
 38637 | Shoals:3 | Offered knowledge of Spellforged Servitor by Vehumet.
 38761 | Shoals:3 | Identified the serpent talisman of Precision Catastrophes
                  | {Int+4}
 39346 | Spider:1 | Entered Level 1 of the Spider Nest
 39748 | Spider:1 | Noticed Donald
 39844 | Lair:3   | Killed Donald
 40058 | Spider:1 | Reached XP level 17. HP: 172/172 MP: 29/36
 40817 | Spider:2 | Offered knowledge of Orb of Destruction by Vehumet.
 42067 | Spider:3 | Reached skill level 10 in Armour
 42695 | Spider:3 | Offered knowledge of Shatter by Vehumet.
 42695 | Spider:3 | Offered knowledge of Chain Lightning by Vehumet.
 42695 | Spider:3 | Offered knowledge of Ignition by Vehumet.
 43118 | Shoals:4 | Entered Level 4 of the Shoals
 43494 | Shoals:4 | Reached skill level 15 in Ice Magic
 43505 | Shoals:4 | Reached XP level 18. HP: 124/187 MP: 19/37
 43720 | Shoals:4 | Got a barnacled rune of Zot
 43975 | Shoals:4 | Noticed Ilsuiw
 43981 | Shoals:4 | Killed Ilsuiw
 44152 | Shoals:4 | Identified the +10 short sword "Kiodimn" {pain, rPois Will+
                  | Int+3 Dex-3}
 44917 | Depths:1 | Entered Level 1 of the Depths
 45105 | Depths:1 | Found a bloodstained altar of Trog.
 45184 | Depths:1 | Found a basalt altar of Yredelemnul.
 45231 | Depths:1 | Found a one-way gate leading to the halls of Pandemonium.
 45567 | Depths:1 | Noticed a lich
 45919 | Depths:1 | Found a one-way gate to the infinite horrors of the Abyss.
 45988 | Depths:1 | Found a gateway to Hell.
 46149 | Depths:1 | Killed a lich
 46264 | Depths:2 | Reached skill level 15 in Fighting
 46274 | Depths:2 | Noticed Nikola
 46424 | Depths:2 | Reached XP level 19. HP: 201/201 MP: 34/38
 46657 | Depths:1 | Killed Nikola
 46962 | Depths:2 | Noticed a golden dragon
 46979 | Depths:2 | Killed a golden dragon
 47447 | Depths:2 | Found a runed translucent gate.
 47447 | Depths:2 | Found a runed translucent gate.
 47447 | Depths:2 | Found a runed translucent gate.
 47447 | Depths:2 | Noticed a dread lich
 47448 | Depths:2 | Noticed an ancient lich
 47448 | Depths:2 | Noticed Ecroc's ghost (adept DECj)
 47491 | Depths:2 | Reached XP level 20. HP: 215/215 MP: 39/39
 49140 | Spider:4 | Entered Level 4 of the Spider Nest
 49578 | Spider:4 | Identified the +0 ring mail of the Worm {Int+5}
 49594 | Spider:4 | Identified the ring "Bybafefa" {rC+++ rN+ Str-5 Int+6}
 50782 | Spider:4 | Got a gossamer rune of Zot
 50832 | Spider:4 | Identified the +0 hat "Enluor" {+Blink Fly rElec rF-}
 50835 | Spider:4 | Identified the +2 pair of boots "Wahom" {Str+3}
 51583 | Depths:3 | Noticed a golden dragon
 51608 | Depths:2 | Killed a golden dragon
 51642 | Depths:3 | Noticed a golden dragon
 51671 | Depths:2 | Killed a golden dragon
 51818 | Depths:3 | Noticed a juggernaut
 51841 | Depths:3 | Killed a juggernaut
 51842 | Depths:3 | Reached XP level 21. HP: 140/227 MP: 22/40
 52583 | Depths:3 | Reached skill level 15 in Armour
 52964 | Depths:3 | Identified the +5 trident "Baatuys" {antimagic, rCorr Dex+5
                  | Stlth-}
 53906 | Depths:3 | Learned a level 9 spell: Polar Vortex
 54310 | Lair:5   | Entered Level 5 of the Lair of Beasts
 54752 | Lair:5   | Noticed Snorg
 54754 | Lair:5   | Killed Snorg
 55048 | Lair:5   | Reached skill level 16 in Spellcasting
 55735 | Depths:4 | Entered Level 4 of the Depths
 55924 | Depths:4 | Found a one-way gateway to a ziggurat.
 56260 | Depths:4 | Noticed a bone dragon
 56486 | Depths:4 | Killed a bone dragon
 56720 | Depths:4 | Reached XP level 22. HP: 236/236 MP: 34/42
 56878 | Depths:4 | Found a sparkling altar of Nemelex Xobeh.
 56929 | Depths:4 | Found a gate to the Realm of Zot.
 57431 | Vaults:1 | Entered Level 1 of the Vaults
 57733 | Vaults:1 | Got the Incunable of the Vexatious Quake
 57755 | Vaults:1 | Reached skill level 17 in Spellcasting
 58480 | Vaults:1 | Identified the +1 lajatang of Lorghelaocw {pain, rPois
                  | Str+3 SInv Stlth-}
 58932 | Vaults:1 | Found Fextakh's Distillery.
 58936 | Vaults:1 | Bought 2 potions of brilliance for 136 gold pieces
 58936 | Vaults:1 | Bought a potion of heal wounds for 85 gold pieces
 58936 | Vaults:1 | Bought a potion of cancellation for 136 gold pieces
 58936 | Vaults:1 | Bought a potion of haste for 170 gold pieces
 58936 | Vaults:1 | Bought a potion of enlightenment for 85 gold pieces
 58936 | Vaults:1 | Bought a potion of invisibility for 136 gold pieces
 58936 | Vaults:1 | Bought a potion of mutation for 136 gold pieces
 59359 | D:4      | Bought a scroll of fear for 56 gold pieces
 59359 | D:4      | Bought a scroll of fog for 56 gold pieces
 59359 | D:4      | Bought a scroll of enchant armour for 105 gold pieces
 59569 | D:12     | Bought a potion of cancellation for 88 gold pieces
 59569 | D:12     | Bought 2 potions of resistance for 220 gold pieces
 59645 | Vaults:2 | Identified the +4 robe "Xophycut" {Harm rPois Regen+ Int+2}
 59645 | Vaults:2 | Noticed Boris
 59911 | Vaults:2 | Found a staircase to the Crypt.
 59926 | Vaults:2 | Killed Boris
 59927 | Vaults:2 | Reached skill level 18 in Spellcasting
 59968 | Vaults:2 | Reached skill level 1 in Evocations
 60151 | Vaults:2 | Noticed Saint Roka
 60159 | Vaults:2 | Killed Saint Roka
 60884 | Vaults:2 | Identified the ring "Toistra Kaasu" {+Blink rPois rF- rC+
                  | rN+ Int+3}
 61319 | Vaults:3 | Reached XP level 23. HP: 204/252 MP: 15/45
 61878 | Vaults:3 | Reached skill level 19 in Spellcasting
 62144 | Vaults:3 | Gained mutation: Your spells are a little easier to cast,
                  | but a little less powerful. [a shining eye]
 62147 | Vaults:3 | Lost mutation: Your spells are a little easier to cast, but
                  | a little less powerful. [potion of mutation]
 62147 | Vaults:3 | Gained mutation: You sometimes lose your temper in combat.
                  | [potion of mutation]
 62147 | Vaults:3 | Gained mutation: You passively map a small area around you.
                  | [potion of mutation]
 62147 | Vaults:3 | Gained mutation: Your spells are a little harder to cast,
                  | but a little more powerful. [potion of mutation]
 62148 | Vaults:3 | Lost mutation: You sometimes lose your temper in combat.
                  | [potion of mutation]
 62148 | Vaults:3 | Lost mutation: Your spells are a little harder to cast, but
                  | a little more powerful. [potion of mutation]
 62148 | Vaults:3 | Lost mutation: You passively map a small area around you.
                  | [potion of mutation]
 62148 | Vaults:3 | Gained mutation: Your muscles are strong. (Str +4, Int/Dex
                  | -1) [potion of mutation]
 62148 | Vaults:3 | Gained mutation: Your body sometimes deteriorates upon
                  | taking damage. [potion of mutation]
 62148 | Vaults:3 | Gained mutation: You possess an exceptional clarity of
                  | mind. [potion of mutation]
 62148 | Vaults:3 | Gained mutation: You have large cloven feet. [potion of
                  | mutation]
 62885 | Vaults:4 | Noticed Sojobo
 62888 | Vaults:4 | Killed Sojobo
 63048 | Vaults:4 | Found a magical portal.
 63057 | WizLab   | Entered Yara's Duelist Academy
 63285 | WizLab   | Got Yara's Disquisition on Maleficia
 63408 | WizLab   | Noticed Zoupeukk
 63419 | WizLab   | Reached skill level 5 in Evocations
 63425 | WizLab   | Killed Zoupeukk the Head Instructor
 63543 | WizLab   | Got Kikubaaqudgha's Anthology of Evil
 63674 | Vaults:4 | Reached skill level 20 in Spellcasting
 65044 | Elf:1    | Entered Level 1 of the Elven Halls
 65160 | Elf:1    | Reached XP level 24. HP: 270/270 MP: 41/47
 65176 | Elf:1    | Got Vehumet's Spellbook of Conjuring
 65389 | Elf:1    | Found Heixugud's Armour Boutique.
 65394 | Elf:1    | Found Jyff's General Store.
 65410 | Elf:1    | Bought a +0 cloak of preservation for 207 gold pieces
 65431 | Elf:1    | Bought a scroll of teleportation for 45 gold pieces
 65431 | Elf:1    | Bought a potion of curing for 45 gold pieces
 65431 | Elf:1    | Bought a scroll of teleportation for 45 gold pieces
 65431 | Elf:1    | Bought a wand of warping (4) for 144 gold pieces
 66148 | Elf:2    | Found Othrorimo's Book Emporium.
 66283 | Elf:2    | Identified a scroll of acquirement
 66291 | Elf:2    | Acquired a manual of Earth Magic
 66426 | Elf:2    | Identified the +7 long sword "Hydraslayer" {heavy, *Slow
                  | rCorr Int+4 Dex+3}
 66446 | Elf:2    | Reached skill level 21 in Spellcasting
 66523 | Elf:2    | Found a huge runed translucent gate.
 66523 | Elf:2    | Found a huge runed translucent gate.
 66523 | Elf:2    | Found a huge runed translucent gate.
 66523 | Elf:2    | Found a huge runed translucent gate.
 66523 | Elf:2    | Found a huge runed translucent gate.
 66523 | Elf:2    | Found a huge runed translucent gate.
 66523 | Elf:2    | Found a huge runed translucent gate.
 66523 | Elf:2    | Found a huge runed translucent gate.
 66525 | Elf:2    | Found a huge runed translucent gate.
 66526 | Elf:2    | Found a huge runed translucent gate.
 66526 | Elf:2    | Found a huge runed translucent gate.
 66527 | Elf:2    | Found a huge runed translucent gate.
 66527 | Elf:2    | Found a huge runed translucent gate.
 66529 | Elf:2    | Found a huge runed translucent gate.
 66533 | Elf:2    | Found a huge runed translucent gate.
 66534 | Elf:2    | Found a huge runed translucent gate.
 66540 | Elf:2    | Found a huge runed translucent gate.
 66540 | Elf:2    | Found a huge runed translucent gate.
 66540 | Elf:2    | Found a huge runed translucent gate.
 66542 | Elf:2    | Found a huge runed translucent gate.
 66543 | Elf:2    | Found a huge runed translucent gate.
 66544 | Elf:2    | Found a huge runed translucent gate.
 66544 | Elf:2    | Found a huge runed translucent gate.
 66546 | Elf:2    | Found a huge runed translucent gate.
 66552 | Elf:2    | Found a huge runed translucent gate.
 66567 | Elf:2    | Found a huge runed translucent gate.
 66568 | Elf:2    | Found a huge runed translucent gate.
 66569 | Elf:2    | Found a huge runed translucent gate.
 66570 | Elf:2    | Found a huge runed translucent gate.
 66571 | Elf:2    | Found a huge runed translucent gate.
 66572 | Elf:2    | Found a huge runed translucent gate.
 66572 | Elf:2    | Found a huge runed translucent gate.
 66576 | Elf:2    | Found a huge runed translucent gate.
 66577 | Elf:2    | Found a huge runed translucent gate.
 66578 | Elf:2    | Found a huge runed translucent gate.
 66578 | Elf:2    | Found a huge runed translucent gate.
 66739 | Elf:2    | Found a runed translucent gate.
 66739 | Elf:2    | Found a runed translucent gate.
 66750 | Elf:2    | Found a runed translucent gate.
 66802 | Elf:3    | Entered Level 3 of the Elven Halls
 67097 | Elf:3    | Identified the serpent talisman of the Loofah {rN+++ Will+
                  | rCorr Int-3}
 67097 | Elf:3    | Noticed Aizul
 67100 | Elf:3    | Killed Aizul
 67465 | Elf:3    | Noticed Louise
 67467 | Elf:3    | Killed Louise
 67773 | Elf:3    | Identified the +8 arbalest of Doeqos {flame, Str+2 Int+3
                  | Stlth+}
 67773 | Elf:3    | Identified the ring "Wewoemue" {rC+ Int+4 Slay+4}
 67835 | Elf:3    | Identified the ring "Optau" {rElec rN+ Will+}
 67874 | Elf:3    | Found the +4 robe of Folly {Brill Will-∞ Int+8}
 67880 | Elf:3    | Identified the +1 robe of Dramatic Exits {rC- Will+ Regen+
                  | Dex+3}
 67881 | Abyss:2  | Cast into level 2 of the Abyss (a deep elf demonologist)
 67903 | Abyss:2  | Found a roughly hewn altar of Beogh.
 68058 | Abyss:2  | Reached skill level 15 in Earth Magic
 68118 | Abyss:2  | Reached skill level 22 in Spellcasting
 68135 | Elf:3    | Escaped the Abyss
 68149 | Elf:3    | Got Sif Muna's Writings on Conjuration
 68167 | Elf:3    | Got Jonoutz's Incunable of Charming Glaciation
 68171 | Elf:3    | Identified the staff of Yneinwou {^Drain rElec rF+ rCorr
                  | Int+5 Fire}
 68232 | Elf:3    | Identified the +7 spear of Puepir {drain, rCorr Stlth+}
 68245 | Elf:3    | Identified the +7 shortbow "Ciacroc" {antimagic, ^Fragile
                  | Dex+7 Stlth-}
 68572 | Elf:3    | Learned a level 9 spell: Shatter
 68960 | Vaults:5 | Entered Level 5 of the Vaults
 68965 | Vaults:5 | Reached XP level 25. HP: 279/279 MP: 49/49
 68994 | Vaults:5 | Noticed an ancient lich
 69001 | Vaults:5 | Killed an ancient lich
 69113 | Vaults:5 | Reached skill level 23 in Spellcasting
 69187 | Vaults:5 | Noticed an ancient lich
 69191 | Vaults:5 | Killed an ancient lich
 69452 | Vaults:5 | Reached skill level 1 in Shields
 69484 | Vaults:5 | Identified the +9 crystal plate armour "Kyssox Xeyrgh" {rC+
                  | Int+4 SInv}
 69520 | Vaults:5 | Got the Catalogue of Created Distillation
 69836 | Vaults:5 | Found Reluxt's Jewellery Shoppe.
 69844 | Vaults:5 | Got a silver rune of Zot
 70111 | Vaults:5 | Identified the +0 robe of Otutakli {Int+6}
 70322 | Vaults:5 | Found Kiulam's Magic Scroll Shop.
 70326 | Vaults:5 | Bought a scroll of blinking for 90 gold pieces
 70326 | Vaults:5 | Bought a scroll of fear for 48 gold pieces
 70326 | Vaults:5 | Bought a scroll of blinking for 90 gold pieces
 70326 | Vaults:5 | Bought 3 scrolls of butterflies for 144 gold pieces
 70326 | Vaults:5 | Bought a scroll of fear for 48 gold pieces
 70326 | Vaults:5 | Bought a scroll of amnesia for 48 gold pieces
 70554 | Vaults:5 | Got the Elucidation of the Hundredfold Yaks
 71122 | D:2      | Bought a potion of enlightenment for 120 gold pieces
 71122 | D:2      | Bought a scroll of teleportation for 72 gold pieces
 71122 | D:2      | Bought a potion of heal wounds for 120 gold pieces
 72000 | Zot:1    | Entered Level 1 of the Realm of Zot
 72139 | Zot:1    | Reached skill level 24 in Spellcasting
 72326 | Zot:3    | Reached XP level 26. HP: 288/288 MP: 41/51
 72721 | Zot:4    | Identified the staff of the Burning God {^Fragile rC+ rN+
                  | Str+5 Necro}
 72731 | Zot:5    | Entered Level 5 of the Realm of Zot
 73742 | Zot:5    | Noticed an orb of fire
 73743 | Zot:5    | Gained mutation: Armour fits poorly on your strangely
                  | shaped body. [an orb of fire]
 73745 | Zot:5    | Lost mutation: You possess an exceptional clarity of mind.
                  | [an orb of fire]
 73748 | Zot:5    | Noticed an orb of fire
 73749 | Zot:5    | Killed an orb of fire
 73749 | Zot:5    | Noticed an orb of fire
 73751 | Zot:5    | Lost mutation: Your muscles are strong. (Str +4, Int/Dex
                  | -1) [an orb of fire]
 73758 | Zot:5    | Gained mutation: You have hidden genetic defects. [an orb
                  | of fire]
 73761 | Zot:5    | Gained mutation: You are weak. (Str -2) [an orb of fire]
 73763 | Zot:5    | Gained mutation: You are dopey. (Int -2) [an orb of fire]
 73765 | Zot:5    | Killed an orb of fire
 73765 | Zot:5    | Killed an orb of fire
 73785 | Zot:5    | Lost mutation: You are dopey. (Int -2) [potion of mutation]
 73785 | Zot:5    | Lost mutation: You are weak. (Str -2) [potion of mutation]
 73785 | Zot:5    | Lost mutation: Your body sometimes deteriorates upon taking
                  | damage. [potion of mutation]
 73785 | Zot:5    | Gained mutation: Your magical capacity is low. (-10% MP)
                  | [potion of mutation]
 73785 | Zot:5    | Gained mutation: Your spells are a little harder to cast,
                  | but a little more powerful. [potion of mutation]
 73785 | Zot:5    | Gained mutation: You have a pair of horns on your head.
                  | [potion of mutation]
 73786 | Zot:5    | Lost mutation: You have a pair of horns on your head.
                  | [potion of mutation]
 73786 | Zot:5    | Lost mutation: Your magical capacity is low. (-10% MP)
                  | [potion of mutation]
 73786 | Zot:5    | Lost mutation: You have hidden genetic defects. [potion of
                  | mutation]
 73786 | Zot:5    | Gained mutation: You expend magic power (3 MP) to
                  | strengthen your wands. [potion of mutation]
 73787 | Zot:5    | Lost mutation: Your spells are a little harder to cast, but
                  | a little more powerful. [potion of mutation]
 73787 | Zot:5    | Lost mutation: Armour fits poorly on your strangely shaped
                  | body. [potion of mutation]
 73787 | Zot:5    | Lost mutation: You expend magic power (3 MP) to strengthen
                  | your wands. [potion of mutation]
 73787 | Zot:5    | Gained mutation: Your movements are slightly less
                  | encumbered by armour. (ER -2) [potion of mutation]
 73787 | Zot:5    | Gained mutation: You expend magic power (3 MP) to
                  | strengthen your wands. [potion of mutation]
 73787 | Zot:5    | Gained mutation: You passively dampen the noise of your
                  | surroundings. [potion of mutation]
 73830 | Zot:5    | Noticed a Killer Klown
 73838 | Zot:5    | Noticed a Killer Klown
 73841 | Zot:5    | Noticed an orb of fire
 73841 | Zot:5    | Gained mutation: You are clumsy. (Dex -2) [an orb of fire]
 73857 | Zot:5    | Killed a Killer Klown
 73857 | Zot:5    | Gained mutation: You are very clumsy. (Dex -4) [an orb of
                  | fire]
 73858 | Zot:5    | Killed a Killer Klown
 73859 | Zot:5    | Killed an orb of fire
 73941 | Zot:5    | Noticed a dread lich
 73946 | Zot:5    | Killed a dread lich
 73978 | Zot:5    | Noticed an orb of fire
 73984 | Zot:5    | Killed an orb of fire
 74044 | Zot:5    | Reached skill level 25 in Spellcasting
 74106 | Zot:5    | Noticed an orb of fire
 74106 | Zot:5    | Gained mutation: Your body sometimes deteriorates upon
                  | taking damage. [an orb of fire]
 74110 | Zot:5    | Gained mutation: You occasionally lose the ability to read
                  | scrolls when taking damage. [an orb of fire]
 74115 | Zot:5    | Killed an orb of fire
 74118 | Zot:5    | Lost mutation: You have large cloven feet. [potion of
                  | mutation]
 74118 | Zot:5    | Lost mutation: You are very clumsy. (Dex -4) [potion of
                  | mutation]
 74118 | Zot:5    | Gained mutation: You are occasionally teleported next to
                  | monsters. [potion of mutation]
 74118 | Zot:5    | Lost mutation: Your movements are slightly less encumbered
                  | by armour. (ER -2) [potion of mutation]
 74118 | Zot:5    | Gained mutation: You have sharp toenails. [potion of
                  | mutation]
 74119 | Zot:5    | Lost mutation: You passively dampen the noise of your
                  | surroundings. [potion of mutation]
 74119 | Zot:5    | Lost mutation: You are clumsy. (Dex -2) [potion of
                  | mutation]
 74119 | Zot:5    | Lost mutation: You have sharp toenails. [potion of
                  | mutation]
 74119 | Zot:5    | Lost mutation: Your body sometimes deteriorates upon taking
                  | damage. [potion of mutation]
 74119 | Zot:5    | Gained mutation: You possess an exceptional clarity of
                  | mind. [potion of mutation]
 74120 | Zot:5    | Lost mutation: You expend magic power (3 MP) to strengthen
                  | your wands. [potion of mutation]
 74120 | Zot:5    | Lost mutation: You occasionally lose the ability to read
                  | scrolls when taking damage. [potion of mutation]
 74120 | Zot:5    | Lost mutation: You are occasionally teleported next to
                  | monsters. [potion of mutation]
 74120 | Zot:5    | Gained mutation: You expend magic power (3 MP) to
                  | strengthen your wands. [potion of mutation]
 74120 | Zot:5    | Gained mutation: You passively map a small area around you.
                  | [potion of mutation]
 74120 | Zot:5    | Lost mutation: You possess an exceptional clarity of mind.
                  | [potion of mutation]
 74120 | Zot:5    | Gained mutation: You passively map the area around you.
                  | [potion of mutation]
 74123 | Zot:5    | Noticed a Killer Klown
 74131 | Zot:5    | Killed a Killer Klown
 74142 | Zot:5    | Noticed an ancient lich
 74145 | Zot:5    | Noticed an orb of fire
 74161 | Zot:5    | Gained mutation: Armour fits poorly on your strangely
                  | shaped body. [an orb of fire]
 74198 | Zot:5    | Killed an orb of fire
 74339 | Zot:5    | Killed an ancient lich
 74398 | Zot:5    | Noticed an ancient lich
 74401 | Zot:5    | Killed an ancient lich
 74402 | Zot:5    | Reached XP level 27. HP: 300/300 MP: 43/52
 74490 | Zot:5    | Got the Orb of Zot
 75275 | D:1      | Lost mutation: You passively map the area around you.
                  | [potion of mutation]
 75275 | D:1      | Lost mutation: You expend magic power (3 MP) to strengthen
                  | your wands. [potion of mutation]
 75275 | D:1      | Lost mutation: Armour fits poorly on your strangely shaped
                  | body. [potion of mutation]
 75275 | D:1      | Gained mutation: You passively map the area around you.
                  | [potion of mutation]
 75275 | D:1      | Gained mutation: You are strong-willed. (Will+) [potion of
                  | mutation]
 75277 | D:$      | Escaped with the Orb!

Illustrated notes

Levels and vault maps discovered:
D:1:      kennysheep_arrival_seaside, layout_loops_cross,
          minmay_misc_feat_diagonals
D:2:      layout_basic, serial_shops, shop, minmay_hexomino_c4, uniq_sigmund
D:3:      cheibrodos_fertilizer, layout_loops_corners,
          grunt_temple_overflow_open, minmay_misc_feat_tiny,
          uniq_crazy_yiuf_cottage, uniq_robin
D:4:      layout_basic, minmay_temple_entry_enclosed_plants,
          gammafunk_ghost_split, serial_shops, shop
D:5:      layout_basic, grunt_temple_overflow_champion_of_chaos,
          hangedman_decor_push, serial_library_hellmonk_recessed_alcove,
          nicolae_zen_rock_garden, st_stairs_5
D:6:      layout_rooms, zin_scriptorium, minmay_ruffians, uniq_menkaure
D:7:      layout_basic, nicolae_concentric_dashed_squares_mild
D:8:      layout_loops_corners
D:9:      layout_grid_maze, minitemple, erik_lair_orcish_takeover
D:10:     layout_roguey, enter_bailey_2
D:11:     layout_irregular_city
D:12:     layout_roguey, minmay_orc_entry_temple_small, serial_shops,
          nicolae_shop_pleasant_corner_grove, uniq_erolcha
D:13:     layout_roguey, ximxim_vaults_locker_room, serial_demonic,
          serial_demonic_e, serial_demonic_a, serial_demonic_e,
          serial_demonic_a, hellmonk_ghost_happy_afterlife, uniq_azrael
D:14:     layout_long_grid, grunt_gozag_breadcrumbs, ebering_ghost_inner_flame,
          nicolae_uskayaw_dance_hall
D:15:     grunt_enter_depths_hoard, layout_basic, gauntlet_entry_generic,
          hangedman_decor_slide_cut
Temple:   minmay_temple_curvy_branch
Lair:1:   layout_long_grid, beast_lair_carwin_7, grunt_megastairs_4,
          infiniplex_staircase_pool
Lair:2:   layout_roguey, elwin_shoals_entry_rooms
Lair:3:   layout_roguey, spider_nest_entry_webs, grunt_megastairs_1
Lair:4:   layout_cave_pods, minmay_slime_entry_oklob_enclosed,
          portal_ice_cave_entry_ice_simulacra
Lair:5:   hangedman_lair_in_review, layout_regular_city, serial_forest,
          infiniplex_forest_clump_cross, infiniplex_forest_zigzag_1,
          infiniplex_forest_end_3, infiniplex_forest_clump_large,
          infiniplex_forest_clump_small, uniq_snorg
Shoals:1: layout_shoals
Shoals:2: layout_shoals
Shoals:3: layout_shoals, nicolae_shoals_so_close
Shoals:4: shoals_end_simple, layout_shoals, shoals_ilsuiw_alternative
Spider:1: layout_spider_delve, uniq_donald
Spider:2: layout_spider_delve, nicolae_spider_jagged_tunnels
Spider:3: layout_cave_pods, guppyfry_hornet_nest
Spider:4: guppyfry_spider_rune, special_room [special_room_bee],
          nicolae_spider_nook
Orc:1:    layout_caves, basic_altar
Orc:2:    grunt_orc_cross, layout_caves, serial_shops, shop, uniq_jorgrun
Elf:1:    layout_gridlike, minmay_elf_sorcery, grunt_megastairs_5,
          minmay_shop_star
Elf:2:    nicolae_elf_blades_splatter_lattice [nicolae_blade_entry_pointy_end],
          layout_geoelf_diagonals, serial_shops, shop, not_door_vault_due
Elf:3:    minmay_elf_hall_circle, layout_loops_ring, uniq_louise, uniq_aizul
Vaults:1: nicolae_vaults_meiosis, nicolae_vaults_storage_room_water,
          vaults_standard_mumra_enter_the_diamond, grunt_vaults_hallway_short,
          nicolae_vaults_frosty_reception, nicolae_vaults_arrows,
          vaults_dpeg_ring, nicolae_vaults_network_barrier,
          serial_library_hellmonk_semicircle, nicolae_vaults_two_Ls,
          nicolae_vaults_shelves_hall, nicolae_vaults_little_squares_6,
          nicolae_vaults_mini_display_case, v_misc_17, nicolae_vaults_theta,
          layout_vaults_omnicross, serial_shops,
          nicolae_shop_pleasant_corner_grove
Vaults:2: nicolae_vaults_diagonal_hallway_7, hangedman_vaults_slice,
          grunt_vaults_funnel, dpeg_vaults_monster_box,
          nicolae_vaults_sealed_display, nicolae_vaults_shipping_containers_3,
          v_misc_24, vaults_room_hallway, nicolae_vaults_specimen_jars,
          ontoclasm_vaults_hangar, nicolae_vaults_surprise_closet,
          minmay_crypt_entry_simple_statues, nicolae_vaults_heist,
          v_alt_pattern_4, v_misc_25, layout_vaults_maze_bifur, uniq_boris,
          uniq_saint_roka
Vaults:3: nicolae_vaults_six-pack, ontoclasm_vaults_eye,
          nicolae_vaults_shipping_containers_7, minmay_orc_keep,
          nicolae_vaults_little_ls, v_alt_pattern_2, v_rooms_3,
          vaults_room_semicircle, layout_vaults_omnigrid
Vaults:4: mu_enter_wizlab_4, vaults_dpeg_diagonal, nicolae_vaults_tangram_2,
          v_misc_33, nicolae_vaults_cornered_office, hangedman_vaults_stagger,
          nicolae_vaults_house_3, vaults_room_grid,
          nicolae_vaults_little_squares_3, layout_vaults_chaotic_city,
          uniq_sojobo
Vaults:5
Depths:1: layout_forbidden_donut, bloody_trog, pf_hell_entry_tar_spiral,
          rand_demon_pan_entry_5, abyss_entry, minmay_misc_feat_doors,
          yredelemnul_altar_generic
Depths:2: kennysheep_blocky_hall, layout_cave_shapes,
          gammafunk_ghost_necromancy, pf_coc_iceberg, serial_sigils,
          serial_sigils_hangedman_gut, serial_sigils_hangedman_writhe,
          serial_sigils_hangedman_stare, serial_sigils_hangedman_gut,
          minmay_misc_feat_tower, pan_entry, serial_bayou_shore_b,
          infiniplex_staircase_pool_2, serial_bayou_shore_b, uniq_nikola
Depths:3: minmay_sliced_demisemicircle, layout_honeycomb,
          infiniplex_staircase_pillars_3b, hell_entry, abyss_entry,
          horrible_house_mu
Depths:4: grunt_zot_entry_alcove, layout_gridlike, enter_ziggurat_f,
          grunt_pan_entry_in_and_out, minmay_misc_feat_secret_circle,
          hell_entry, abyss_entry, hex_medium, nemelex_diamond_rough_becter
Zot:1:    kennysheep_room_grid, layout_basic, guppyfry_library_mini
Zot:2:    layout_gridlike, grunt_megastairs_2
Zot:3:    nicolae_zot_stationary_front, layout_basic
Zot:4:    layout_concentric_octagons, regret_index_zotdec_ex,
          regret_index_zotdec_twisting_globes
Zot:5:    layout_misc_corridors

Skill      XL: |  1  2  3  4  5  6  7  8  9 10 11 12 13 14 15 16 17 18 19 20 21 22 23 24 25 26 |
---------------+-------------------------------------------------------------------------------+-----
Conjurations   | 1 3 6 8 10 | 10.4
Air Magic      | 3 4 5 7 9 |  9.0
Spellcasting   | 3 5 7 9 11 13 14 15 16 18 20 22 24 25 | 25.4
Fighting       | 5 7 9 10 11 13 15 16 17 19 21 22 | 22.0
Earth Magic    | 3 8 11 12 16 18 19 | 19.9
Ice Magic      | 3 9 12 13 15 16 17 19 20 21 | 21.7
Armour         | 5 8 10 12 13 14 15 | 15.0
Evocations     | 2 5 |  5.0
Shields        | 3 4 |  4.3
Dodging        | |  1.7
Stealth        | |  1.4

Action                     |  1- 3 |  4- 6 |  7- 9 | 10-12 | 13-15 | 16-18 | 19-21 | 22-24 | 25-27 || total
---------------------------+-------+-------+-------+-------+-------+-------+-------+-------+-------++-------
  Melee: Club              |     3 |       |       |       |       |       |       |       |       ||     3
         Unarmed           |     1 |       |       |       |       |       |       |       |       ||     1
         Dagger            |    14 |     1 |       |       |       |       |       |       |       ||    15
         Headbutt          |     1 |       |     7 |    26 |    15 |    11 |     1 |       |     3 ||    64
         Staff             |       |       |    41 |   100 |    44 |    48 |    10 |     2 |     3 ||   248
         Kick              |       |       |       |       |       |       |       |       |     1 ||     1
   Cast: Shock             |    51 |    97 |   114 |    60 |       |       |       |       |       ||   322
         Static Discharge  |     9 |    11 |    50 |   106 |    74 |       |       |       |       ||   250
         Swiftness         |       |     2 |       |       |       |     2 |    12 |     7 |     2 ||    25
         Airstrike         |       |       |    38 |   108 |    24 |     4 |       |       |       ||   174
         Stone Arrow       |       |       |       |   187 |   363 |   112 |    47 |    24 |     3 ||   736
         Frozen Ramparts   |       |       |       |    31 |    27 |       |       |       |       ||    58
         Bombard           |       |       |       |     1 |    82 |    12 |    22 |    17 |    15 ||   149
         Ozocubu's Armour  |       |       |       |       |    24 |     2 |     1 |       |       ||    27
         Arcjolt           |       |       |       |       |    59 |    77 |    97 |    25 |    22 ||   280
         Permafrost Erupti |       |       |       |       |    79 |   318 |   313 |   477 |   259 ||  1446
         Ozocubu's Refrige |       |       |       |       |    18 |    46 |    34 |    65 |    35 ||   198
         Polar Vortex      |       |       |       |       |       |       |     1 |    10 |    16 ||    27
         Shatter           |       |       |       |       |       |       |       |       |    20 ||    20
  Evoke: Wand              |       |     1 |     2 |     7 |     1 |    12 |    16 |     1 |     4 ||    44
         Condenser vane    |       |       |       |       |       |     1 |     1 |       |       ||     2
         Phial of floods   |       |       |       |       |       |     1 |       |       |       ||     1
         Phantom mirror    |       |       |       |       |       |       |     1 |       |       ||     1
    Use: Scroll            |       |       |     4 |    17 |     7 |    15 |     1 |     5 |    16 ||    65
         Potion            |       |       |       |     7 |     6 |    16 |     5 |     6 |    16 ||    56
 Armour: Robe              |    47 |    17 |   155 |   409 |   387 |    56 |       |       |       ||  1071
         Animal skin       |       |    13 |       |       |       |       |       |       |       ||    13
         Pearl dragon scal |       |       |       |       |    29 |   653 |   493 |   195 |   143 ||  1513
         Fire dragon scale |       |       |       |       |       |       |       |       |    62 ||    62
  Dodge: Dodged            |    10 |    11 |    53 |   146 |   107 |    98 |    81 |    33 |    51 ||   590
  Block: Other             |     4 |     2 |    14 |    72 |    37 |       |       |       |       ||   129
         Reflection        |     1 |     1 |     2 |     4 |     1 |       |       |       |       ||     9

Table legend: (Time is in decaauts)
 A = Elapsed time spent in this place.
 B = Non-inter-level travel time spent in this place.
 C = Inter-level travel time spent in this place.
 D = Time resting spent in this place.
 E = Time spent auto-exploring this place.
 F = Levels seen in this place.
 G = Mean time per level.
                   A        B        C        D        E       F      G
               +--------+--------+--------+--------+--------+-----+--------+
         Total |  75494 |  66162 |   9332 |  11353 |  41549 |  54 | 1398.0 |
       Dungeon |  26451 |  22597 |   3854 |   3095 |  16098 |  15 | 1763.4 |
        Temple |     45 |      2 |     43 |      0 |      0 |   1 |   45.0 |
          Lair |  10614 |   9607 |   1007 |   2079 |   6213 |   5 | 2122.8 |
        Shoals |   3785 |   3503 |    282 |    544 |   2301 |   4 |  946.2 |
   Spider Nest |   5130 |   4552 |    578 |    939 |   2324 |   4 | 1282.5 |
  Orcish Mines |   1828 |   1696 |    132 |    317 |    964 |   2 |  914.0 |
   Elven Halls |   3390 |   3098 |    292 |    235 |   2228 |   3 | 1130.0 |
        Vaults |   8935 |   7749 |   1186 |    409 |   5990 |   5 | 1787.0 |
        Depths |   8244 |   6510 |   1734 |   1399 |   3488 |   4 | 2061.0 |
           Zot |   2169 |   1948 |    221 |    582 |    235 |   5 |  433.8 |
         Abyss |    255 |    255 |      0 |      7 |    165 |   2 |  127.5 |
        Bailey |   1484 |   1484 |      0 |    789 |    327 |   1 | 1484.0 |
      Ice Cave |   1741 |   1741 |      0 |    674 |    688 |   1 | 1741.0 |
        Wizlab |    566 |    566 |      0 |    102 |    101 |   1 |  566.0 |
      Gauntlet |    851 |    851 |      0 |    182 |    426 |   1 |  851.0 |
               +--------+--------+--------+--------+--------+-----+--------+

Top non-repeatable levels by time:
Depths:2: 2881 daAuts
  Lair:3: 2645 daAuts
     D:9: 2583 daAuts
  Lair:1: 2553 daAuts
  Lair:2: 2528 daAuts
     D:5: 2508 daAuts
    D:13: 2425 daAuts
     D:8: 2072 daAuts
Depths:1: 1958 daAuts
    D:12: 1927 daAuts
Vaults:1: 1913 daAuts
  Lair:4: 1894 daAuts
     D:3: 1845 daAuts
Vaults:2: 1828 daAuts
     D:6: 1827 daAuts
